 Dungeon Crawl Stone Soup version 0.27.1-3-gb3d3a73c9e (webtiles) character file.

Game seed: 10813056855139037403

195679 nxtlvl the Wrestler (level 17, -2/159 HPs)
             Began as a Minotaur Transmuter on Oct 13, 2021.
             Was the Champion of Cheibriados.
             Slain by a grey draconian monk (7 damage)
             ... summoned by old memories
             ... in a wizard's laboratory.
             The game lasted 03:30:14 (11319 turns).

nxtlvl the Wrestler (Minotaur Transmuter)          Turns: 11319, Time: 03:30:15

Health: -2/159     AC:  9    Str: 36    XL:     17   Next: 32%
Magic:  11/19      EV: 31    Int: 25    God:    Cheibriados [******]
Gold:   1742       SH:  0    Dex: 27    Spells: 13/20 levels left

rFire    . . .     SeeInvis .     - Unarmed
rCold    . . .     Faith    .   (shield currently unavailable)
rNeg     . . .     Spirit   .   d - +0 troll leather armour
rPois    +         Reflect  .   f - +1 hat
rElec    .         Harm     .   e - +2 cloak {rPois}
rCorr    .         Rampage  +   (gloves currently unavailable)
Will     +....                  g - +0 pair of boots {rampage}
Stlth    ++........             z - amulet of the acrobat
HPRegen  1.36/turn              K - +4 ring of evasion
MPRegen  0.16/turn              p - ring of wizardry

@: blade hands, very slow
A: horns 2, retaliatory headbutt
}: 2/15 runes: decaying, gossamer
a: End Transformation, Renounce Religion, Bend Time, Temporal Distortion,
Slouch, Step From Time


You were in a wizard's laboratory.
You worshipped Cheibriados.
Cheibriados was exalted by your worship.
You had blades for hands.
You visited 6 branches of the dungeon, and saw 30 of its levels.
You also visited: Wizlab.

You collected 2758 gold pieces.
You spent 1016 gold pieces at shops.

Inventory:

Hand Weapons
 a - a +0 longbow
Missiles
 b - 423 arrows
 i - 14 curare-tipped darts
 s - 7 boomerangs of dispersal (quivered)
Armour
 c - the +0 pair of gloves of Fallacy (melded) {rPois}
   (You found it on level 6 of the Lair of Beasts)

   rPois:     It protects you from poison.
 d - a +0 troll leather armour (worn)
 e - a +2 cloak of poison resistance (worn)
 f - a +1 hat (worn)
 g - a +0 pair of boots of rampaging (worn)
 D - a +2 plate armour of fire resistance
 G - a +1 pair of boots of flying
Jewellery
 k - a ring of willpower
 p - a ring of wizardry (right blade hand)
 z - an amulet of the acrobat (around neck)
 K - a +4 ring of evasion (left blade hand)
 O - a ring of flight
 P - a ring of see invisible
Wands
 j - a wand of flame (63)
 v - a wand of paralysis (28)
 x - a wand of mindburst (31)
 I - a wand of iceblast (36)
 N - a wand of charming (9)
 S - a wand of acid (12)
 Y - a wand of digging (5)
Scrolls
 n - 3 scrolls of immolation {unknown}
 q - 2 scrolls of holy word
 w - 4 scrolls of fear {unknown}
 y - 4 scrolls of summoning
 A - 3 scrolls of blinking
 R - 3 scrolls of fog {unknown}
 W - 7 scrolls of teleportation
Potions
 h - 6 potions of degeneration {unknown}
 l - 7 potions of curing
 m - 5 potions of might
 o - 2 potions of ambrosia
 t - 6 potions of brilliance {unknown}
 u - a potion of attraction
 F - 3 potions of lignification {unknown}
 J - a potion of invisibility
 M - a potion of flight
 T - a potion of magic


   Skills:
 + Level 16.3 Fighting
 + Level 15.3 Dodging
 * Level 21.8 Unarmed Combat
 - Level 2.0 Spellcasting
 - Level 8.0 Transmutations
 - Level 5.0 Invocations
 + Level 4.7 Evocations


You had 13 spell levels left.
You knew the following spells:

 Your Spells              Type           Power      Damage    Failure   Level
a - Blade Hands           Tmut           21%        N/A       24%         5
s - Wereblood             Tmut           42%        N/A       5%          2

Your spell library contained the following spells:

 Spells                   Type           Power      Damage    Failure   Level
 Beastly Appendage        Tmut           84%        N/A       4%          1
 Spider Form              Tmut/Pois      11%        N/A       16%         3
 Magic Dart               Conj           8%         1d3       22%         1
 Summon Small Mammal      Summ           8%         N/A       22%         1
 Call Imp                 Summ           2%         N/A       30%         2
 Ice Form                 Ice/Tmut       22%        N/A       34%         4
 Call Canine Familiar     Summ           2%         N/A       45%         3
 Inner Flame              Hex/Fire       2%         N/A       45%         3
 Mephitic Cloud           Conj/Pois/Air  2%         N/A       45%         3
 Portal Projectile        Hex/Tloc       4%         N/A       45%         3
 Stone Arrow              Conj/Erth      4%         3d7       45%         3
 Summon Guardian Golem    Hex/Summ       2%         N/A       45%         3
 Tukima's Dance           Hex            2%         N/A       45%         3
 Yara's Violent Unravell  Hex/Tmut       11%        3d6       58%         5
 Airstrike                Air            1%         N/A       75%         4
 Animate Armour           Summ/Erth      4%         N/A       75%         4
 Cause Fear               Hex            1%         N/A       75%         4
 Leda's Liquefaction      Hex/Erth       1%         N/A       75%         4
 Passage of Golubria      Tloc           N/A        N/A       75%         4
 Summon Lightning Spire   Summ/Air       2%         N/A       75%         4
 Excruciating Wounds      Necr           1%         N/A       95%         5
 Freezing Cloud           Conj/Ice/Air   1%         6-21      95%         5
 Lightning Bolt           Conj/Air       1%         1d12      95%         5
 Simulacrum               Ice/Necr       1%         N/A       100%        6
 Malign Gateway           Summ/Tloc      1%         N/A       100%        7
 Borgnjor's Revivificati  Necr           1%         N/A       100%        8
 Discord                  Hex            1%         N/A       100%        8
 Lehudib's Crystal Spear  Conj/Erth      1%         10d2      100%        8
 Necromutation            Tmut/Necr      11%        N/A       100%        8
 Summon Horrible Things   Summ           1%         N/A       100%        8
 Death's Door             Necr           1%         N/A       100%        9
 Polar Vortex             Ice            1%         N/A       100%        9


Dungeon Overview and Level Annotations

Branches:
Dungeon (13/15)              Lair (6/6) D:11          Swamp (4/4) Lair:3
 Spider (4/4) Lair:3          Orc (2/2) D:11            Elf (1/3) Orc:2
 WizLab (1/1)
 Temple: D:4-7        Slime: Lair:5-6    Vaults: D:13-14

Altars:
Ashenzari
Cheibriados
Elyvilon
Fedhas
Gozag
Kikubaaqudgha
Okawaru
Qazlal
Ru
Trog
Vehumet
Wu Jian
Zin
The Shining One
Beogh

Shops:
D:1 !   D:4 [   D:8 (   D:9 (   Orc:2 [[*(:

Annotations:
D:2 1 runed translucent door, Crazy Yiuf
D:9 Erica


Innate Abilities, Weirdness & Mutations

You have blades for hands.
Your spellcasting is less reliable in this form.
You are incapable of wielding weapons or throwing items.
You have a pair of horns on your head.
You reflexively headbutt those who attack you in melee.


Message History

The grey draconian monk hits you!
* * * LOW HITPOINT WARNING * * *
The grey draconian monk misses you. The grey draconian monk tail-slaps you!
* * * LOW HITPOINT WARNING * * *
The grey draconian monk barely misses you.
Unknown command.
You feel much better. The grey draconian monk hits you!
* * * LOW HITPOINT WARNING * * *
The grey draconian monk kicks you but does no damage.
The grey draconian monk completely misses you. x2
The grey draconian monk hits you but does no damage.
The grey draconian monk kicks you!
* * * LOW HITPOINT WARNING * * *
The grey draconian monk completely misses you.
The grey draconian monk misses you.
Unknown command.
You feel much better. The grey draconian monk misses you.
You furiously retaliate!
You headbutt the grey draconian monk, but do no damage.
The grey draconian monk kicks you but does no damage.
The grey draconian monk tail-slaps you but does no damage.
The grey draconian monk tail-slaps you.
* * * LOW HITPOINT WARNING * * *
The grey draconian monk hits you!
* * * LOW HITPOINT WARNING * * *
The grey draconian monk closely misses you.
The grey draconian monk tail-slaps you but does no damage. x2
Unknown command.
You slice the grey draconian monk!!
The grey draconian monk is moderately wounded.
Unknown command.
You hit the grey draconian monk but do no damage.
Your headbutt misses the grey draconian monk.
The grey draconian monk is moderately wounded.
The grey draconian monk misses you.
The grey draconian monk barely misses you.
The grey draconian monk tail-slaps you.
* * * LOW HITPOINT WARNING * * *
The grey draconian monk tail-slaps you!
You die...

♣♣ .♣♣..♣♣♣♣♣♣♣♣♣♣♣♣
......q♣.♣......♣♣♣♣♣
#.@q...........♣
##..............
####...........
##......###
##....##.##
#...##.⌠.# .♣
##...##.##..♣
#.....#'#...♣
##...........


You could see 2 draconians.

Vanquished Creatures
  Saint Roka (Orc:2)
  A tentacled monstrosity (Swamp:4)
  2 orc warlords (Orc:2)
  A ghost moth (Spider:4)
  Louise (Spider:1)
  7 emperor scorpions
  A deep elf annihilator (Elf:1)
  4 bunyips
  The ghost of Neel Ube the Peltast, a journeyman FoFi of Okawaru (D:12)
  3 spark wasps
  An eleionoma (Swamp:4)
  4 shambling mangroves (Swamp:4)
  3 boulder beetles
  A centaur warrior (D:13)
  19 hydras
  2 two-headed ogres (D:10)
  A death knight (D:10)
  2 dancing weapons (Elf:1)
  5 death yaks (Lair:2)
  9 alligators
  An orc high priest (Orc:2)
  Urug (Lair:5)
  4 deep elf knights (Elf:1)
  5 spriggans
  A fire crab (Spider:4)
  A death drake (Swamp:3)
  3 goliath frogs
  A deep troll (Spider:4)
  3 spriggan druids
  A lindwurm (Lair:5)
  10 swamp dragons
  6 orc knights
  5 deep elf archers (Elf:1)
  A harpy (D:10)
  8 bog bodies (Swamp:4)
  16 wolf spiders
  3 orb spiders
  4 orc sorcerers (Orc:2)
  4 deep elf zephyrmancers (Elf:1)
  5 deep elf pyromancers (Elf:1)
  An ugly thing (D:13)
  3 moths of wrath
  2 cyclopes
  3 manticores
  6 elephants (Lair:6)
  A guardian serpent (Spider:4)
  Maurice (Orc:2)
  4 black mambas
  23 cane toads
  A gargoyle (D:10)
  3 torpor snails
  A rime drake (Lair:3)
  3 kobold demonologists (D:12)
  Maggie (D:9)
  4 komodo dragons
  7 demonic crawlers
  A freezing wraith (D:10)
  An efreet (D:10)
  2 unseen horrors
  A tengu conjurer (D:13)
  40 jumping spiders
  2 meliai (Spider:2)
  A queen bee (shapeshifter) (Spider:4)
  5 trolls
  A bloated husk (Swamp:4)
  13 hornets
  2 polar bears (Lair:4)
  11 tyrant leeches
  5 dream sheep (Lair:6)
  13 blink frogs
  4 slime creatures
  49 redbacks
  An air elemental (Elf:1)
  A shadow (D:9)
  14 tarantellas
  3 wyverns
  48 yaks
  A wraith (D:10)
  A water elemental (Elf:1)
  A vampire (D:11)
  2 fire elementals (Elf:1)
  A golden eye (Spider:4)
  5 basilisks
  15 vampire mosquitoes
  Menkaure (D:5)
  7 wargs
  14 swamp worms
  An acid dragon (D:8)
  4 water moccasins
  3 hornet zombies
  30 orc warriors
  5 swamp drakes
  3 sky beasts
  2 black bears
  14 wolves
  6 ogres
  A necrophage (D:5)
  4 boggarts (Lair:4)
  8 centaurs
  9 kobold brigands
  A phantom (D:6)
  21 bullfrogs
  An earth elemental (Elf:1)
  A gnoll sergeant (D:8)
  2 scorpions
  5 wights (D:8)
  6 killer bees (D:9)
  3 electric eels
  A howler monkey (D:4)
  A hound (D:7)
  6 centaur zombies
  9 orc priests
  3 gnoll shamans
  2 iguanas (D:6)
  Jessica (D:2)
  10 orc wizards
  2 killer bee zombies
  20 gnolls
  3 adders
  An ufetubus (D:4)
  2 worms
  A dart slug (D:2)
  39 orcs
  6 ball pythons
  5 endoplasms
  2 giant cockroaches
  4 goblins
  9 hobgoblins
  12 jackals
  10 kobolds
  4 quokkas
  4 bats
  5 frilled lizards
  5 rats
779 creatures vanquished.

Vanquished Creatures (others)
  A bloated husk (Swamp:2)
  2 tarantellas
  53 fungi
  99 plants
155 creatures vanquished.

Grand Total: 934 creatures vanquished

Notes
Turn   | Place    | Note
-------+----------+-------------------------------------------
     0 | D:1      | nxtlvl the Minotaur Transmuter began the quest for the Orb.
     0 | D:1      | Reached XP level 1. HP: 16/16 MP: 1/1
    52 | D:1      | Reached XP level 2. HP: 16/23 MP: 3/3
   116 | D:1      | Reached skill level 4 in Unarmed Combat
   127 | D:1      | Found Qucs's Distillery.
   182 | D:1      | Learned a level 2 spell: Wereblood
   304 | D:1      | Reached XP level 3. HP: 28/28 MP: 1/4
   420 | D:2      | Noticed Jessica
   435 | D:2      | Killed Jessica
   476 | D:2      | HP: 1/28 [dart slug (3)]
   493 | D:2      | Found a runed translucent door.
   494 | D:2      | Noticed Crazy Yiuf
   574 | D:2      | Found a snail-covered altar of Cheibriados.
   584 | D:2      | Became a worshipper of Cheibriados the Contemplative
   611 | D:2      | Reached XP level 4. HP: 11/35 MP: 5/5
   616 | D:2      | Found a faded altar of an unknown god.
   791 | D:3      | Reached skill level 5 in Unarmed Combat
   929 | D:3      | Found a bloodstained altar of Trog.
   951 | D:3      | Reached * piety under Cheibriados
   974 | D:3      | Noticed an ogre
   979 | D:3      | Killed an ogre
   980 | D:3      | Reached XP level 5. HP: 16/40 MP: 6/6
  1060 | D:4      | Noticed an ogre
  1066 | D:4      | Killed an ogre
  1067 | D:4      | Reached skill level 6 in Unarmed Combat
  1067 | D:4      | Reached XP level 6. HP: 17/47 MP: 5/7
  1087 | D:4      | Found Qythruull's Antique Armour Boutique.
  1168 | D:5      | Entered Level 5 of the Dungeon
  1461 | D:5      | Found an opulent altar of Gozag.
  1504 | D:5      | Reached skill level 7 in Unarmed Combat
  1514 | D:5      | Found a white marble altar of Elyvilon.
  1641 | D:5      | Found a sacrificial altar of Ru.
  1641 | D:5      | Found a stormy altar of Qazlal.
  1642 | D:5      | Found a glowing silver altar of Zin.
  1792 | D:5      | Found an ornate altar of the Wu Jian Council.
  1822 | D:6      | Noticed Menkaure
  1830 | D:5      | Killed Menkaure
  1831 | D:5      | Reached XP level 7. HP: 27/52 MP: 5/8
  1887 | D:6      | Reached skill level 8 in Unarmed Combat
  1948 | D:6      | Reached ** piety under Cheibriados
  2038 | D:6      | Reached skill level 9 in Unarmed Combat
  2038 | D:6      | Reached XP level 8. HP: 35/59 MP: 9/9
  2272 | D:7      | Reached skill level 5 in Transmutations
  2288 | D:7      | Found a glowing golden altar of the Shining One.
  2391 | D:7      | Learned a level 3 spell: Spider Form
  2444 | D:7      | Reached skill level 10 in Unarmed Combat
  2600 | D:8      | Found a broken altar of Ashenzari.
  2668 | D:8      | Reached *** piety under Cheibriados
  2741 | D:8      | Found Voahooj's Weapon Emporium.
  2761 | D:8      | Reached XP level 9. HP: 25/69 MP: 5/10
  2943 | D:8      | Found a blossoming altar of Fedhas.
  2948 | D:8      | Found an iron altar of Okawaru.
  3025 | D:8      | Reached skill level 11 in Unarmed Combat
  3171 | D:9      | Noticed Erica
  3176 | D:9      | Reached **** piety under Cheibriados
  3189 | D:9      | Noticed Maggie
  3219 | D:9      | Found Icuvurez's Antique Weapon Shoppe.
  3445 | D:9      | Reached skill level 5 in Fighting
  3445 | D:9      | Reached skill level 5 in Dodging
  3580 | D:10     | Entered Level 10 of the Dungeon
  3667 | D:9      | Reached XP level 10. HP: 60/81 MP: 11/11
  3790 | D:10     | Noticed a harpy
  3792 | D:10     | Noticed a death knight
  3795 | D:10     | Noticed a manticore
  3811 | D:10     | Found an ancient bone altar of Kikubaaqudgha.
  3817 | D:10     | Noticed a two-headed ogre
  3824 | D:10     | Learned a level 4 spell: Ice Form
  3899 | D:10     | Reached ***** piety under Cheibriados
  3975 | D:11     | Noticed a cyclops
  3975 | D:11     | Noticed a manticore
  3986 | D:10     | Reached skill level 12 in Unarmed Combat
  4010 | D:11     | Noticed a manticore
  4062 | D:11     | Killed a manticore
  4063 | D:11     | Reached skill level 1 in Invocations
  4145 | D:10     | Killed a two-headed ogre
  4270 | D:9      | Killed Maggie
  4326 | D:10     | Noticed a two-headed ogre
  4334 | D:10     | Killed a two-headed ogre
  4338 | D:10     | Noticed a gargoyle
  4345 | D:10     | Killed a gargoyle
  4346 | D:10     | Reached XP level 11. HP: 79/92 MP: 4/12
  4393 | D:11     | Reached skill level 13 in Unarmed Combat
  4592 | D:11     | Found a staircase to the Orcish Mines.
  4608 | D:11     | Found a staircase to the Lair.
  4615 | Lair:1   | Entered Level 1 of the Lair of Beasts
  4751 | Lair:1   | Found a transporter.
  4751 | Lair:1   | Found a transporter.
  4751 | Lair:1   | Noticed a boulder beetle
  4768 | Lair:1   | Killed a boulder beetle
  5089 | Lair:2   | Reached skill level 14 in Unarmed Combat
  5089 | Lair:2   | Reached skill level 5 in Invocations
  5115 | Lair:2   | Reached XP level 12. HP: 78/103 MP: 11/14
  5161 | Lair:2   | Reached ****** piety under Cheibriados
  5240 | Lair:2   | Noticed a seven-headed hydra
  5247 | Lair:2   | Killed a seven-headed hydra
  5509 | Lair:2   | Noticed a death yak
  5509 | Lair:2   | Noticed a death yak
  5509 | Lair:2   | Noticed a death yak
  5509 | Lair:2   | Noticed a death yak
  5509 | Lair:2   | Noticed a death yak
  5516 | Lair:2   | Killed a death yak
  5524 | Lair:2   | Killed a death yak
  5526 | Lair:2   | Killed a death yak
  5528 | Lair:2   | Killed a death yak
  5529 | Lair:2   | Reached skill level 15 in Unarmed Combat
  5531 | Lair:2   | Killed a death yak
  5666 | Lair:4   | Reached skill level 10 in Fighting
  5827 | Lair:3   | Noticed a five-headed hydra
  5831 | Lair:3   | Killed a five-headed hydra
  5896 | Lair:3   | Noticed a boulder beetle
  5907 | Lair:3   | Killed a boulder beetle
  5908 | Lair:3   | Reached skill level 10 in Dodging
  5908 | Lair:3   | Reached XP level 13. HP: 93/114 MP: 10/15
  5911 | Lair:3   | Identified the +8 battleaxe "Owunika" {freeze, rPois}
  6095 | Lair:5   | Noticed Urug
  6102 | Lair:5   | Killed Urug
  6103 | Lair:5   | Reached skill level 16 in Unarmed Combat
  6128 | Lair:6   | Entered Level 6 of the Lair of Beasts
  6333 | Lair:6   | Reached skill level 17 in Unarmed Combat
  6403 | Lair:6   | Identified the +0 pair of gloves of Fallacy {rPois}
  6640 | Lair:1   | Found the +5 scythe "Finisher" {speed, eviscerate}
  6735 | D:10     | Reached XP level 14. HP: 126/126 MP: 7/16
  6739 | D:10     | Identified the +10 demon whip of Kismet {venom, *Rage Fly
                  | rPois}
  6805 | Orc:1    | Entered Level 1 of the Orcish Mines
  6913 | Orc:2    | Entered Level 2 of the Orcish Mines
  6913 | Orc:2    | Found a staircase to the Elven Halls.
  7176 | Orc:2    | Noticed an orc warlord
  7194 | Orc:2    | Killed an orc warlord
  7197 | Orc:2    | Noticed an orc warlord
  7226 | Orc:2    | Killed an orc warlord
  7257 | Orc:2    | Found Zawor's Book Shop.
  7269 | Orc:2    | Bought a book of Weapons for 544 gold pieces
  7275 | Orc:2    | Learned a level 5 spell: Blade Hands
  7336 | Orc:1    | Reached skill level 18 in Unarmed Combat
  7451 | Orc:1    | Identified the +1 chain mail "Foycvuz" {Dex+2}
  7482 | Orc:2    | Noticed Saint Roka
  7493 | Orc:2    | Killed Saint Roka
  7514 | Orc:2    | Noticed Maurice
  7517 | Orc:2    | Killed Maurice
  7610 | Orc:2    | Found Mularoij's Antique Weapon Boutique.
  7652 | Orc:2    | Found Wear's Antique Armour Shop.
  7688 | Orc:2    | Found Iguybal's Armour Shop.
  7710 | Orc:2    | Found Velaaluz's General Store.
  7718 | Orc:2    | Bought a scroll of summoning for 142 gold pieces
  7718 | Orc:2    | Bought a scroll of identify for 30 gold pieces
  7718 | Orc:2    | Bought a potion of might for 60 gold pieces
  7761 | Orc:2    | Bought a glowing scarf for 240 gold pieces
  7975 | D:12     | Found a runed translucent gate.
  7976 | D:12     | Found a runed translucent gate.
  7976 | D:12     | Found a runed translucent gate.
  7976 | D:12     | Noticed Neel Ube's ghost (journeyman FoFi)
  7993 | D:12     | Killed Neel Ube's ghost
  8193 | Lair:3   | Found a hole to the Spider Nest.
  8207 | Spider:1 | Entered Level 1 of the Spider Nest
  8210 | Spider:1 | Noticed Louise
  8233 | Spider:1 | Reached skill level 19 in Unarmed Combat
  8238 | Spider:1 | Reached XP level 15. HP: 128/137 MP: 10/17
  8383 | Spider:1 | Killed Louise
  8661 | Spider:4 | Entered Level 4 of the Spider Nest
  8962 | Spider:4 | Reached skill level 20 in Unarmed Combat
  9144 | Spider:4 | Noticed a ghost moth
  9240 | Spider:4 | Killed a ghost moth
  9241 | Spider:4 | Reached skill level 15 in Fighting
  9241 | Spider:4 | Reached XP level 16. HP: 149/149 MP: 0/18
  9339 | Spider:4 | Got a gossamer rune of Zot
  9668 | Lair:3   | Found a staircase to the Swamp.
  9685 | Swamp:1  | Entered Level 1 of the Swamp
  9879 | Swamp:4  | Entered Level 4 of the Swamp
  9922 | Swamp:4  | Paralysed by a hornet for 3 turns
 10014 | Swamp:3  | Reached skill level 1 in Evocations
 10098 | Swamp:4  | Reached skill level 21 in Unarmed Combat
 10141 | Swamp:4  | Noticed a tentacled monstrosity
 10147 | Swamp:4  | Killed a tentacled monstrosity
 10356 | Swamp:4  | Reached skill level 15 in Dodging
 10402 | Swamp:4  | Reached XP level 17. HP: 147/158 MP: 19/19
 10524 | Swamp:4  | Got a decaying rune of Zot
 10551 | Swamp:4  | Identified the +1 ring mail of Noharal {Will+}
 10552 | Swamp:4  | Identified the +6 falchion of Zin's Benevolence {flame,
                  | *Slow rC+ Int+4 Stlth+}
 10916 | Elf:1    | Entered Level 1 of the Elven Halls
 10936 | Elf:1    | Found a radiant altar of Vehumet.
 11162 | Elf:1    | Found a magical portal.
 11175 | WizLab   | Entered Wucad Mu's Monastery
 11315 | WizLab   | HP: 1/159 [grey draconian monk[old memories] (11)]
 11319 | WizLab   | Slain by a grey draconian monk

Illustrated notes

Levels and vault maps discovered:
D:1:      amcnicky_arrival_flooded_fountain, layout_basic, serial_shops, shop,
          moated_statue
D:2:      layout_rooms, shapermc_ecumenical_altar_pompeii, basic_altar,
          serial_forest, infiniplex_forest_fountain, infiniplex_forest_clump_C,
          infiniplex_forest_corner_1, infiniplex_forest_pool,
          infiniplex_forest_lined_3, infiniplex_forest_end_1, uniq_jessica,
          uniq_crazy_yiuf_cottage
D:3:      layout_rooms, mainiacjoe_overflow_small_starburst, corexii_shack
D:4:      layout_basic, serial_shops, nicolae_shop_statue_plus, uniq_eustachio
D:5:      layout_loops_cross, gammafunk_temple_overflow_claw, lemuel_tele_altar,
          grunt_gozag_statues, nicolae_elyvilon_temple_path
D:6:      layout_rooms, mainiacjoe_overflow_alcove_1, minmay_quadrilaterals,
          uniq_menkaure
D:7:      layout_loops_ring, nicolae_tso_carved_into_rock, temple_fountains,
          serial_park_tiny_pond
D:8:      layout_basic, mainiacjoe_overflow_big_doors, ashenzari_altar_1,
          serial_shops, nicolae_shop_stone
D:9:      layout_loops_ring, serial_aquarium, aquarium_bridge_square
          [aquarium_subvault_wall, aquarium_subvault_wall,
          aquarium_subvault_balcony, aquarium_subvault_bridge],
          aquarium_window_fake, aquarium_window_1, aquarium_view_2c,
          aquarium_view_2c, aquarium_balcony_3b, serial_shops,
          kennysheep_mini_moat, uniq_erica, uniq_maggie
D:10:     layout_loops_cross, mainiacjoe_overflow_brackets,
          onia_ninara_dug_in_and_dangerous
D:11:     layout_roguey, grunt_lair_entry_orc_guard_hut, david_orc_3
D:12:     kennysheep_blocky_room, layout_loops_ring,
          gammafunk_ghost_nasty_kobolds, grunt_dithmenos_smoke_and_mirrors
D:13:     layout_stronghold, hangedman_vaults_entry_quadrant_bands,
          minmay_fractal_squares_gapless_5, uniq_snorg
Lair:1:   gammafunk_boulding_lane, layout_regular_city, grunt_megastairs_3
Lair:2:   layout_loops_ring
Lair:3:   layout_cave_pods, minmay_swamp_entry_worms,
          spider_nest_entry_funnel_web
Lair:4:   layout_cave_pods, kilobyte_rumbling_trees, infiniplex_staircase_pool,
          grunt_megastairs_4
Lair:5:   layout_hall_layers, serial_bayou, serial_bayou_pond_e,
          serial_bayou_shore_b, serial_bayou_pond_e, serial_bayou_pond_e,
          grunt_megastairs_5, serial_bayou_shore_a, uniq_urug, uniq_josephine
Lair:6:   minmay_lair_end_frog_pond, layout_concentric_octagons,
          nicolae_slime_entry_slimehenge, minmay_lair_oklob_chamber,
          lemuel_fruit_tree
Swamp:1:  layout_falls_marsh, nicolae_swamp_tree_designs, swamp_pool3,
          grunt_lady_of_the_lake
Swamp:2:  layout_basic_swamp, serial_swamp_ruin, evilmike_swamp_ruin_house_2,
          evilmike_swamp_ruin_rubble_2, evilmike_swamp_ruin_wall
Swamp:3:  layout_basic_swamp, evilmike_swamp_ruin_rubble_1,
          infiniplex_staircase_pool_2
Swamp:4:  swamp_basic_johnstein, layout_basic_swamp
Spider:1: nicolae_spider_jumping_over_cracks [nicolae_spider_jumping_sub_empty,
          nicolae_spider_jumping_sub_grid, nicolae_spider_jumping_sub_stairs,
          nicolae_spider_jumping_sub_divot], nzn_ghost_randoct, uniq_louise,
          uniq_aizul
Spider:2: layout_chambers, drop_trap, hangedman_spider_trapstep, uniq_asterion
Spider:3: layout_spider_delve
Spider:4: grunt_spider_rune_circles, spiders_nest_hornet_nest
Orc:1:    cheibrodos_orc_bank, layout_diamond_mine, elf_legates
Orc:2:    grunt_orc_gardens, layout_caves, grunt_orc_garden, grunt_orc_garden,
          grunt_orc_garden, grunt_orc_garden, serial_shops, nicolae_shop_trees,
          nicolae_orc_lost_temple, uniq_maurice, uniq_saint_roka
Elf:1:    eino_elf_arrival_altar, layout_loops_cross, mu_enter_wizlab_7,
          serial_shops, shop, kennysheep_underground_church
WizLab:   wizlab_wucad

Skill      XL: |  1  2  3  4  5  6  7  8  9 10 11 12 13 14 15 16 17 |
---------------+----------------------------------------------------+-----
Unarmed Combat | 4 5 6 7 9 10 11 12 14 15 17 19 20 21 | 21.8
Transmutations | 2 3 4 5 6 7 8 |  8.0
Fighting       | 3 5 7 8 10 12 13 15 16 | 16.3
Dodging        | 3 5 6 8 10 11 12 14 15 | 15.3
Invocations    | 3 5 |  5.0
Spellcasting   | 2 |  2.0
Evocations     | 3 4 |  4.7

Action                   |  1- 3 |  4- 6 |  7- 9 | 10-12 | 13-15 | 16-18 || total
-------------------------+-------+-------+-------+-------+-------+-------++-------
Melee: Unarmed           |    91 |    87 |   230 |   306 |   546 |   331 ||  1591
       Kick              |    11 |     9 |    17 |       |       |       ||    37
       Headbutt          |    10 |    21 |    41 |     3 |    79 |    88 ||   242
       Punch             |     1 |     3 |     9 |     2 |    40 |    42 ||    97
Throw: Dart              |       |    12 |     8 |       |       |       ||    20
 Cast: Beastly Appendage |     6 |    10 |    11 |       |     1 |       ||    28
       Wereblood         |     6 |    11 |    24 |    17 |    35 |    12 ||   105
       Spider Form       |       |       |     9 |    10 |     1 |       ||    20
       Ice Form          |       |       |       |    20 |    16 |       ||    36
       Blade Hands       |       |       |       |       |    33 |    39 ||    72
Invok: Temporal Distorti |       |       |       |     1 |     3 |     4 ||     8
       Slouch            |       |       |       |       |     5 |     2 ||     7
 Abil: End Transformatio |       |       |       |     1 |     2 |     3 ||     6
Evoke: Wand              |     2 |     6 |     9 |     2 |    30 |    17 ||    66
  Use: Scroll            |       |       |     6 |     4 |     8 |     6 ||    24
       Potion            |       |       |     1 |       |     6 |     9 ||    16
 Stab: Sleeping          |       |       |       |     2 |     1 |       ||     3
       Held in net/web   |       |       |       |       |     1 |       ||     1
       Distracted        |       |       |       |       |       |     2 ||     2
Armor: Robe              |     7 |       |       |       |       |       ||     7
       Ring mail         |       |    29 |    20 |       |       |       ||    49
       Acid dragon scale |       |       |    11 |     3 |       |       ||    14
       Skin              |       |       |     7 |    15 |    20 |       ||    42
       Troll leather arm |       |       |       |     1 |    43 |    48 ||    92
Dodge: Dodged            |    35 |    55 |   160 |   207 |   697 |   411 ||  1565
